 Dungeon Crawl Stone Soup version 0.28.0 (webtiles) character file.

Game seed: 10086227776611950964

1 themarg the Caller (level 1, -2/13 HPs)
             Began as a Merfolk Summoner on Feb 11, 2022.
             Slain by a hobgoblin (5 damage)
             ... on level 1 of the Dungeon.
             The game lasted 00:00:58 (70 turns).

themarg the Caller (Merfolk Summoner)                 Turns: 70, Time: 00:00:59

Health: -2/13      AC:  2    Str:  8    XL:     1   Next: 20%
Magic:  0/3        EV: 13    Int: 14    God:
Gold:   0          SH:  0    Dex: 14    Spells: 3/4 levels left

rFire   . . .      SeeInvis .   (no weapon)
rCold   . . .      Faith    .   (no shield)
rNeg    . . .      Spirit   .   a - +0 robe
rPois   .          Reflect  .   (no helmet)
rElec   .          Harm     .   (no cloak)
rCorr   .          Rampage  .   (no gloves)
Will    .....                   (no boots)
Stlth   ++........              (no amulet)
HPRegen 0.04/turn               (no ring)
MPRegen 0.08/turn               (no ring)

@: no status effects
A: (nimble swimmer 2), mertail
a: no special abilities


You were on level 1 of the Dungeon.
You visited 1 branch of the dungeon, and saw 1 of its levels.

Inventory:

Missiles
 b - 25 stones
Armour
 a - a +0 robe (worn)


   Skills:
 + Level 2.9 Dodging
 + Level 2.1 Stealth
 + Level 2.0 Spellcasting
 + Level 4.0 Summonings


You had 3 spell levels left.
You knew the following spells:

 Your Spells              Type           Power      Damage    Failure   Level
a - Summon Small Mammal   Summ           48%        N/A       4%          1

Your spell library contained the following spells:

 Spells                   Type           Power      Damage    Failure   Level
 Call Imp                 Summ           12%        N/A       7%          2
 Call Canine Familiar     Summ           12%        N/A       14%         3
 Summon Guardian Golem    Hex/Summ       7%         N/A       30%         3
 Summon Lightning Spire   Summ/Air       7%         N/A       71%         4


Dungeon Overview and Level Annotations

Branches:
Dungeon (1/15)

Altars:


Innate Abilities, Weirdness & Mutations

((You are very nimble when in or above water. (Stealth+, EV+, Speed+++)))
Your lower body shifts to a powerful aquatic tail in water.


Message History

Something hits your rat.
Your rat dies!
Your rat's corpse disappears in a puff of smoke!
You hit the giant cockroach but do no damage.
The giant cockroach is almost dead.
The giant cockroach barely misses you.
Your bat barely misses the giant cockroach.
You closely miss the giant cockroach.
The giant cockroach is almost dead.
Your bat hits the giant cockroach but does no damage.
The giant cockroach bites you but does no damage.
You hit the giant cockroach but do no damage.
The giant cockroach is almost dead.
The giant cockroach bites you but does no damage.
Your bat completely misses the giant cockroach.
You barely miss the giant cockroach.
The giant cockroach is almost dead.
Your bat closely misses the giant cockroach.
Your bat completely misses the hobgoblin.
The giant cockroach barely misses you.
Your bat hits the giant cockroach.
The giant cockroach dies!
The hobgoblin hits your bat.
Your bat dies!
Your bat's corpse disappears in a puff of smoke!
The hobgoblin shouts!
Casting: Summon Small Mammal (safe; 4% risk of failure)
Confirm with . or Enter, or press ? or * to list all spells.
You swap places.
Your bat hits the hobgoblin.
Your bat hits the hobgoblin but does no damage.
You hit the hobgoblin.
The hobgoblin is almost dead.
Your bat barely misses the hobgoblin. x2
You hit the hobgoblin but do no damage.
The hobgoblin is almost dead.
Your bat completely misses the hobgoblin.
The hobgoblin completely misses you.
You barely miss the hobgoblin.
The hobgoblin is almost dead.
The hobgoblin hits you.
You die...

#. ##.##?..#
#.###
####.###...#
#...###
###...##
#...#
#...###...###
#...#
#...(..b##
#.#>#
###.<.###
.....
#.......##
######
#...###...###
#...##
###bg@# .###
####.# #..
###


You could see a hobgoblin (ally target) and a friendly bat (summoned).

Vanquished Creatures (collateral kills)
  A giant cockroach (D:1)
1 creature vanquished.

Notes
Turn   | Place    | Note
-------+----------+-------------------------------------------
     0 | D:1      | themarg the Merfolk Summoner began the quest for the Orb.
     0 | D:1      | Reached XP level 1. HP: 13/13 MP: 3/3
    70 | D:1      | Slain by a hobgoblin

Illustrated notes

Levels and vault maps discovered:
D:1:      dpeg_arrival_simpleton_a, layout_basic

Action                   || total
-------------------------++-------
Melee: Unarmed           ||    17
 Cast: Summon Small Mamm ||     6
Armor: Robe              ||     6
Dodge: Dodged            ||    16
